 Dungeon Sprint DCSS version 0.30.1-11-g7821555f0a (webtiles) character file.

Game seed: 13738786988185329273

21808 Heoruswealwe the Phalangite (level 12, 0/132 HPs)
             Began as a Minotaur Fighter on Dec 27, 2023.
             Was an Initiate of Gozag.
             Slain by a cyan very ugly thing (18 damage)
             ... in the Dungeon (Sprint IX: "|||||||||||||||||||||||||||||").
             The game lasted 00:29:17 (2192 turns).

Heoruswealwe the Phalangite (Minotaur Fighter)      Turns: 2192, Time: 00:29:23

Health: 0/132      AC: 39    Str: 26    XL:     12   Next: 57%
Magic:  11/11      EV: 11    Int:  5    God:    Gozag
Gold:   973        SH:  0    Dex: 10    Spells: 11/11 levels left

rFire   + . .        b - +2 halberd (protect)
rCold   + . .        (shield currently unavailable)
rNeg    . . .        c - +6 gold dragon scales
rPois   +            (helmet restricted)
rElec   .            h - +1 cloak of Starlight {*Dazzle EV+4 Stlth--}
rCorr   .            f - +0 pair of gloves
SInv    .            e - +0 pair of boots
Will    .....        (no amulet) Stlth
                     k - +2 ring of protection
HPRegen 0.42/turn    j - +2 ring of protection
MPRegen 0.12/turn

%: no teleportation
@: mighty, on berserk cooldown, hasted, very quick
A: horns 2, retaliatory headbutt, screaming 1
a: Renounce Religion, Potion Petition, Call Merchant, Bribe Branch


You were in the Dungeon.
You worshipped Gozag.
Gozag was pleased with you.
You visited 1 branch You collected 9515 gold pieces.
You spent 6004 gold pieces at shops.
You paid 2538 gold pieces to Gozag.

Inventory:

Hand Weapons
 a - a +0 trident
 b - a +2 halberd of protection (weapon)
 l - the +4 consecrated labrys {holy, Valiant Fragile Fly SInv}
   (You found it in the Dungeon)

   Valiant:   It becomes more powerful as more dangerous foes come into view.
   SInv:      It lets you see invisible.
   Fly:       It grants you flight.
   Fragile:   It will be destroyed if unequipped.
Armour
 c - +6 gold dragon scales (worn)
 d - a +0 buckler
 e - a +0 pair of boots (worn)
 f - a +0 pair of gloves (worn)
 h - the +1 cloak of Starlight (worn) {*Dazzle EV+4 Stlth--}
   (You bought it in a shop in the Dungeon)

   *Dazzle:   It may blind those who miss an attack against the wearer in melee
   combat.
   EV:        It affects your evasion (+4).
   Stlth:     It makes you much less stealthy.
Jewellery
 j - a +2 ring of protection (right hand)
 k - a +2 ring of protection (left hand)
Wands
 m - a wand of acid (10)
Scrolls
 o - 7 scrolls of blinking
 q - 6 scrolls of identify
 r - 4 scrolls of enchant weapon
Potions
 g - 2 potions of haste
 i - 2 potions of berserk rage
 p - 2 potions of resistance
 s - 10 potions of curing
 u - 2 potions of heal wounds
 x - 2 potions of mutation
Miscellaneous
 t - a lightning rod (4/4)


   Skills:
 + Level 19.8 Fighting
 * Level 26.6 Polearms
 + Level 19.8 Armour
 - Level 3.6 Shields


You had 11 spell levels left.
You didn't know any spells.
Your spell library was empty.

Dungeon Overview and Level Annotations

Branches:
Dungeon (1/1)

Altars:
Cheibriados
Dithmenos
Elyvilon
Fedhas
Gozag
Hepliaklqana
Kikubaaqudgha
Makhleb
Nemelex Xobeh
Okawaru
Qazlal
Ru
Sif Muna
Trog
Uskayaw
Vehumet
Wu Jian
Xom
Yredelemnul
Zin
The Shining One
Jiyva
Lugonu

Shops:
D **!*([


Innate Abilities, Weirdness & Mutations

You have a pair of horns on your head.
You reflexively headbutt those who attack you in melee.
You occasionally shout uncontrollably at your foes.


Message History

The fire giant closely misses you.
The fire giant's sight is seared by the starlight!
You impale the fire giant!!
You kill the fire giant!
The ettin is distracted by your dazzling golden aura.
You barely miss the cyan very ugly thing.
The ettin is no longer distracted by gold.
The cyan very ugly thing headbutts you. The cyan very ugly thing shocks you!!
* * * LOW HITPOINT WARNING * * *
The frost giant is distracted by your dazzling golden aura.
You feel much better.
You feel yourself speed up.
The cyan very ugly thing headbutts you but does no damage.
The floating eye gazes piercingly through you!
You suddenly lose the ability to move!
The cyan very ugly thing headbutts you! The cyan very ugly thing shocks you!!
* * * LOW HITPOINT WARNING * * *
The floating eye seems to glare at you.
The cyan very ugly thing headbutts you but does no damage.
The cyan very ugly thing headbutts you but does no damage.
The cyan very ugly thing headbutts you.
* * * LOW HITPOINT WARNING * * *
The cyan very ugly thing shocks you!!
* * * LOW HITPOINT WARNING * * *
You can move again.
Blink to where?
Press: ? - help, Dir - move target
As you read the scroll of blinking, it crumbles to dust.
You close the door.
You start resting.
You feel much better.
You feel yourself speed up.
The cyan very ugly thing headbutts you but does no damage.
You feel very mighty all of a sudden.
The frost giant shouts!
The cyan very ugly thing headbutts you!
* * * LOW HITPOINT WARNING * * *
The cyan very ugly thing shocks you!!
You die...
Your body crumbles into a pile of gold.

▓_▓.▓.▓.▓.▓.▓?▓,*~*,*,*,*,*,*,
▓_▓.▓.▓.▓.▓.▓?▓,*~*,*,*,*,*,*,
▓_▓.▓.▓.▓.▓.▓.▓,*+*,*,*,*,*,*+
▓_▓.▓.▓.▓.▓.▓.▓,*,*,*+*,*,*,*,
▓_▓.▓.▓.▓.▓.▓.▓,*,*,*,*,*,*,*,
▓_▓.▓.▓.▓.▓.▓.▓,*,*,*,*,*,*,*,
▓_▓.▓.▓.▓.▓.▓.▓,*,*,*,*,*,*,*,
▓_▓.▓.▓.▓[▓.▓.▓,*,*,*,*,*,*,*,
▓'▓.▓'▓.▓[▓.▓@▓,*,*,*,*,*,*,*,
▓!▓.▓.▓.▓.▓.▓u▓,*,*,*,*,*,*,*,
▓?▓.▓.▓.▓.▓.▓G▓,*,*,*,*,*,*,*,
▓)▓.▓.▓.▓.▓.▓u▓,*,*,*,*,*,*,*,
▓[▓.▓.▓.▓.▓.▓.▓,*+*,*,*,*,*,*,
▓.▓.▓.▓.▓∩▓.▓C▓,*,*,*,*,*,*,*,
▓.▓.▓.▓.▓.▓.▓.▓,*,*,*,*,*,*,*,
▓.▓.▓.▓.▓∩▓.▓C▓,*,*,*,*,*,*,*,
▓.▓.▓.▓.▓.▓.▓.▓,*,*,*,*,*,*,*+


You could see a frost giant, a cyan very ugly thing, a cyan ugly thing, an ettin
and a floating eye (charged).

Vanquished Creatures
  A fire giant (D)
  A hydra (D)
  A catoblepas (D)
  6 ogre magi (D)
  3 two-headed ogres (D)
  3 boulder beetles (D)
  A centaur warrior (D)
  2 orc high priests (D)
  A skyshark (D)
  A skeletal warrior (D)
  A wizard (D)
  2 orc knights (D)
  An orc sorcerer (D)
  A manticore (D)
  2 ugly things (D)
  A cyclops (D)
  A black mamba (D)
  6 komodo dragons (D)
  6 cane toads (D)
  2 trolls (D)
  A tyrant leech (D)
  A blink frog (D)
  A slime creature (D)
  A wraith (D)
  A yak (D)
  4 water moccasins (D)
  7 orc warriors (D)
  4 ogres (D)
  2 centaurs (D)
  4 bullfrogs (D)
  A gnoll sergeant (D)
  A killer bee (D)
  A howler monkey (D)
  5 orc wizards (D)
  2 iguanas (D)
  A gnoll (D)
  An adder (D)
  A dart slug (D)
  9 orcs (D)
  A bat (D)
  An endoplasm (D)
  2 rats (D)
95 creatures vanquished.

Notes
Turn   | Place    | Note
-------+----------+-------------------------------------------
     0 | D        | Heoruswealwe the Minotaur Fighter began the quest for the
                  | Orb.
     0 | D        | Reached XP level 1. HP: 19/19 MP: 0/0
     7 | D        | Reached skill level 3 in Polearms
    17 | D        | Reached skill level 4 in Polearms
    22 | D        | Noticed an iguana
    22 | D        | Noticed an iguana
    22 | D        | Noticed a centaur
    27 | D        | Killed an iguana
    28 | D        | Reached skill level 5 in Fighting
    28 | D        | Reached skill level 5 in Polearms
    28 | D        | Reached skill level 5 in Armour
    28 | D        | Reached XP level 2. HP: 21/29 MP: 1/1
    28 | D        | Reached XP level 3. HP: 26/36 MP: 2/2
    29 | D        | Reached skill level 6 in Polearms
    37 | D        | Reached skill level 7 in Polearms
    37 | D        | Reached XP level 4. HP: 23/44 MP: 3/3
    41 | D        | Killed a centaur
    42 | D        | Reached skill level 9 in Polearms
    42 | D        | Reached XP level 5. HP: 19/52 MP: 4/4
    48 | D        | Found a snail-covered altar of Cheibriados.
    48 | D        | Found a shadowy altar of Dithmenos.
    48 | D        | Found a white marble altar of Elyvilon.
    48 | D        | Found a blossoming altar of Fedhas.
    48 | D        | Found an opulent altar of Gozag.
    49 | D        | Found a hazy altar of Hepliaklqana.
    50 | D        | Found a viscous altar of Jiyva.
    51 | D        | Found an ancient bone altar of Kikubaaqudgha.
    52 | D        | Found a corrupted altar of Lugonu.
    53 | D        | Found a burning altar of Makhleb.
    54 | D        | Found a sparkling altar of Nemelex Xobeh.
    55 | D        | Found an iron altar of Okawaru.
    56 | D        | Became a worshipper of Gozag Ym Sagoz the Greedy
    57 | D        | Found a stormy altar of Qazlal.
    58 | D        | Found a sacrificial altar of Ru.
    59 | D        | Found a shimmering blue altar of Sif Muna.
    60 | D        | Found a bloodstained altar of Trog.
    61 | D        | Found a hide-covered altar of Uskayaw.
    62 | D        | Found a radiant altar of Vehumet.
    63 | D        | Found an ornate altar of the Wu Jian Council.
    64 | D        | Found a shimmering altar of Xom.
    65 | D        | Found a basalt altar of Yredelemnul.
    66 | D        | Found a glowing silver altar of Zin.
    67 | D        | Found a glowing golden altar of the Shining One.
   159 | D        | Noticed an orc warrior
   159 | D        | Noticed a wraith
   159 | D        | Noticed a troll
   165 | D        | Killed an orc warrior
   166 | D        | Reached skill level 10 in Polearms
   172 | D        | Killed a wraith
   173 | D        | Reached skill level 12 in Polearms
   173 | D        | Reached XP level 6. HP: 48/63 MP: 5/5
   195 | D        | Killed a troll
   196 | D        | Reached skill level 10 in Fighting
   196 | D        | Reached skill level 13 in Polearms
   196 | D        | Reached skill level 10 in Armour
   196 | D        | Reached XP level 7. HP: 14/73 MP: 6/6
   381 | D        | Noticed a troll
   381 | D        | Noticed a cyclops
   381 | D        | Noticed a boulder beetle
   381 | D        | Noticed a white ugly thing
   381 | D        | Noticed a manticore
   388 | D        | Killed a troll
   389 | D        | Reached skill level 14 in Polearms
   394 | D        | Killed a cyclops
   395 | D        | Reached skill level 15 in Polearms
   395 | D        | Reached XP level 8. HP: 48/83 MP: 7/7
   408 | D        | Killed a boulder beetle
   409 | D        | Reached skill level 16 in Polearms
   417 | D        | Killed a white ugly thing
   418 | D        | Reached skill level 17 in Polearms
   418 | D        | Reached XP level 9. HP: 35/93 MP: 8/8
   428 | D        | Killed a manticore
   429 | D        | Reached skill level 18 in Polearms
   704 | D        | Noticed a komodo dragon
   704 | D        | Noticed a komodo dragon
   704 | D        | Noticed a black mamba
   707 | D        | Killed a komodo dragon
   713 | D        | Killed a komodo dragon
   720 | D        | Killed a black mamba
   728 | D        | Reached skill level 19 in Polearms
   736 | D        | Reached XP level 10. HP: 93/104 MP: 9/9
   768 | D        | Noticed a cane toad
   768 | D        | Noticed a catoblepas
   768 | D        | Noticed a skyshark
   775 | D        | Killed a cane toad
   783 | D        | Killed a catoblepas
   784 | D        | Reached skill level 15 in Fighting
   784 | D        | Reached skill level 20 in Polearms
   784 | D        | Reached skill level 15 in Armour
   794 | D        | Killed a skyshark
   800 | D        | Reached skill level 21 in Polearms
   895 | D        | Noticed a cane toad
   895 | D        | Noticed a cane toad
   895 | D        | Noticed a cane toad
   895 | D        | Noticed a cane toad
   900 | D        | Killed a cane toad
   907 | D        | Killed a cane toad
   910 | D        | Killed a cane toad
   911 | D        | Reached XP level 11. HP: 82/114 MP: 10/10
   917 | D        | Reached skill level 22 in Polearms
  1280 | D        | Noticed an orc high priest
  1299 | D        | Noticed a sun demon
  1303 | D        | Killed an orc high priest
  1364 | D        | Noticed an orc knight
  1364 | D        | Noticed an orc sorcerer
  1365 | D        | Noticed an orc knight
  1371 | D        | Killed an orc knight
  1376 | D        | Killed an orc sorcerer
  1377 | D        | Reached skill level 23 in Polearms
  1382 | D        | Noticed an orc high priest
  1388 | D        | Killed an orc knight
  1415 | D        | Killed an orc high priest
  1575 | D        | Found Citrior's Assorted Antiques.
  1575 | D        | Noticed an ogre mage
  1575 | D        | Noticed an ogre mage
  1575 | D        | Noticed a two-headed ogre
  1575 | D        | Noticed a two-headed ogre
  1577 | D        | Noticed an ogre mage
  1589 | D        | Noticed an ogre mage
  1593 | D        | Killed an ogre mage
  1603 | D        | Noticed a two-headed ogre
  1613 | D        | Killed an ogre mage
  1614 | D        | Reached skill level 24 in Polearms
  1617 | D        | Killed a two-headed ogre
  1621 | D        | Killed a two-headed ogre
  1629 | D        | Killed an ogre mage
  1637 | D        | Killed an ogre mage
  1643 | D        | Killed a two-headed ogre
  1644 | D        | Reached skill level 25 in Polearms
  1644 | D        | Reached XP level 12. HP: 41/128 MP: 11/11
  1653 | D        | Found Woalous's Assorted Antiques.
  1657 | D        | Found Beaplah's Distillery.
  1661 | D        | Found Raorudgh's Magic Scroll Shoppe.
  1697 | D        | Noticed an ogre mage
  1699 | D        | Noticed an ogre mage
  1708 | D        | Paralysed by something for 3 turns
  1716 | D        | Killed an ogre mage
  1719 | D        | Killed an ogre mage
  1767 | D        | Bought a potion of heal wounds for 100 gold pieces
  1767 | D        | Bought a scroll of blinking for 150 gold pieces
  1767 | D        | Bought a scroll of identify for 40 gold pieces
  1767 | D        | Bought a scroll labelled QYTRAUQOEM for 20 gold pieces
  1767 | D        | Bought a scroll of identify for 40 gold pieces
  1767 | D        | Bought a scroll of blinking for 150 gold pieces
  1769 | D        | Bought a scroll of identify for 62 gold pieces
  1769 | D        | Bought 2 brown potions for 55 gold pieces
  1769 | D        | Bought a scroll labelled OXZYEBB RYSO for 31 gold pieces
  1775 | D        | Bought a potion of berserk rage for 55 gold pieces
  1775 | D        | Bought a potion of flight for 33 gold pieces
  1775 | D        | Bought a potion of curing for 33 gold pieces
  1775 | D        | Bought a potion of resistance for 110 gold pieces
  1775 | D        | Bought a potion of curing for 33 gold pieces
  1775 | D        | Bought a potion of haste for 110 gold pieces
  1777 | D        | Bought a scroll of enchant armour for 105 gold pieces
  1777 | D        | Bought a scroll of identify for 28 gold pieces
  1777 | D        | Bought a scroll of identify for 28 gold pieces
  1777 | D        | Bought a scroll of immolation for 56 gold pieces
  1777 | D        | Bought a scroll of identify for 28 gold pieces
  1777 | D        | Bought a scroll of enchant armour for 105 gold pieces
  1777 | D        | Bought a scroll of identify for 28 gold pieces
  1777 | D        | Bought a scroll of poison for 56 gold pieces
  1815 | D        | Bought a potion of heal wounds for 60 gold pieces
  1815 | D        | Bought a potion of curing for 36 gold pieces
  1815 | D        | Bought a lightning rod (4/4) for 360 gold pieces
  1815 | D        | Bought a scroll of identify for 24 gold pieces
  1815 | D        | Bought a scroll of blinking for 90 gold pieces
  1823 | D        | Bought an ichor-stained cloak for 247 gold pieces
  1823 | D        | Identified the +2 cloak "Neaschiq" {Harm rElec Int-2
                  | Stlth+} (You bought it in a shop in the Dungeon)
  1823 | D        | Bought a polished crystal plate armour for 2210 gold pieces
  1823 | D        | Identified the +0 crystal plate armour "Ycifonuadu" {Contam
                  | rElec Stlth+} (You bought it in a shop in the Dungeon)
  1823 | D        | Bought the +1 cloak of Starlight {*Dazzle EV+4 Stlth--} for
                  | 793 gold pieces
  1823 | D        | Found the +1 cloak of Starlight {*Dazzle EV+4 Stlth--}
  1823 | D        | Bought a bloodstained plate armour for 728 gold pieces
  1823 | D        | Identified the +1 plate armour of Classification {rC+} (You
                  | bought it in a shop in the Dungeon)
  1969 | D        | Found the +4 consecrated labrys {holy, Valiant Fragile Fly
                  | SInv}
  2058 | D        | Gained mutation: You occasionally shout uncontrollably at
                  | your foes. [mutagenic glow]
  2104 | D        | Noticed a boulder beetle
  2104 | D        | Noticed a boulder beetle
  2104 | D        | Noticed a centaur warrior
  2104 | D        | Noticed a five-headed hydra
  2135 | D        | Killed a boulder beetle
  2136 | D        | Killed a centaur warrior
  2139 | D        | Killed a seven-headed hydra
  2140 | D        | Reached skill level 26 in Polearms
  2157 | D        | Killed a boulder beetle
  2163 | D        | Noticed a fire giant
  2166 | D        | Noticed a brown very ugly thing
  2166 | D        | Paralysed by a floating eye for 2 turns
  2166 | D        | Noticed an ettin
  2170 | D        | Paralysed by a floating eye for 2 turns
  2170 | D        | Noticed a frost giant
  2178 | D        | Killed a fire giant
  2180 | D        | Paralysed by a floating eye for 4 turns
  2183 | D        | HP: 4/132 [cyan very ugly thing (20)]
  2192 | D        | Slain by a cyan very ugly thing

Illustrated notes

Levels and vault maps discovered:
D:        linesprint [early_d, line_temple, items_1, d_10, items_2, lair_1,
          lair_end, items_3, orc_1, orc_end, items_4, d_15, swamp_1, shoals_1,
          snake_1, spider_1, d_20, vaults_1, items_5, swamp_end, shoals_end,
          snake_end, spider_end, vaults_end, d_27, items_6, zot_1, zot_end,
          crypt_end, forest_end, elf_end, slime_end, tomb_end, abyss_end,
          pan_hell_end]

Skill      XL: |  1  2  3  4  5  6  7  8  9 10 11 12 |
---------------+-------------------------------------+-----
Polearms       | 5 7 9 12 13 15 17 19 21 25 26 | 26.6
Fighting       | 5 6 7 9 10 11 13 14 16 18 19 | 19.8
Armour         | 5 6 7 9 10 11 12 14 16 18 19 | 19.8
Shields        | |  3.6

Action                     |  1- 3 |  4- 6 |  7- 9 | 10-12 || total
---------------------------+-------+-------+-------+-------++-------
  Melee: Trident           |    25 |     5 |       |       ||    30
         Headbutt          |     7 |     7 |    17 |    66 ||    97
         Halberd           |       |    28 |    77 |   284 ||   389
 Invoke: Call Merchant     |       |       |       |     3 ||     3
    Use: Potion            |       |       |     2 |     9 ||    11
         Scroll            |       |       |       |     9 ||     9
 Armour: Scale mail        |     2 |     3 |       |       ||     5
         Chain mail        |       |    16 |    31 |    45 ||    92
         Plate armour      |       |       |       |    63 ||    63
         Gold dragon scale |       |       |       |    41 ||    41
  Dodge: Dodged            |     6 |    11 |    20 |    47 ||    84
  Block: Buckler           |     4 |       |       |       ||     4
